 Dungeon Crawl Stone Soup version 0.17.1-3-g152610e (webtiles) character file.

186 kaze the Ducker (level 5, 0/52 HPs)
             Began as a Troll Fighter on Mar 1, 2016.
             Killed by divine providence
             ... invoked by an orc priest
              (7 damage)
             ... on level 3 of the Dungeon.
             The game lasted 00:07:54 (1886 turns).

kaze the Ducker (Troll Fighter)                     Turns: 1886, Time: 00:07:55

Health: 0/52       AC:  6    Str: 25    XL:     5   Next: 38%
Magic:  4/4        EV:  8    Int:  4    God:
Gold:   243        SH: 10    Dex:  9    Spells: 0 memorised, 4 levels left

rFire  . . .     SeeInvis .     q - +1 flail (crush)
rCold  . . .     Clarity  +     b - +0 robe
rNeg   . . .     SustAt   .     c - +1 shield
rPois  .         Gourm    +     (helmet restricted)
rElec  .         Spirit   .     o - +0 cloak
rCorr  .         Warding  .     (gloves unavailable)
rMut   .         Stasis   .     (boots unavailable)
MR     .....                    k - amulet of clarity
Stlth  +.........               (no ring)
                                (no ring)

@: not resistant to hostile enchantments, very unstealthy
A: unfitting armour, claws 3, fast metabolism 3, gourmand, regeneration 2,
shaggy fur 1, tough skin 2
a: no special abilities


You were on level 3 of the Dungeon.
You were completely stuffed.

You visited 1 branch of the dungeon, and saw 3 of its levels.

You collected 243 gold pieces.

Inventory:

Hand Weapons
 q - a +1 flail of crushing (weapon)
Missiles
 l - 17 sling bullets
 n - 7 silver bolts
 p - 132 stones (quivered)
 s - 27 arrows
 w - 21 bolts
 y - 10 poisoned needles
Armour
 b - a +0 robe (worn)
 c - a +1 shield (worn)
 o - a +0 cloak (worn)
Jewellery
 k - an amulet of clarity (around neck)
Scrolls
 u - a scroll of remove curse
 B - 2 scrolls of fear
Potions
 d - a potion of might
 f - a potion of cure mutation
 g - a potion of mutation {unknown}
 h - 2 potions of brilliance {unknown}
 v - a potion of degeneration {unknown}
 x - 2 potions of curing {unknown}
 A - a potion of agility {unknown}
Comestibles
 a - a meat ration
 e - 4 bread rations
 j - 2 beef jerkies
 t - 6 fruits
 z - 6 chunks of flesh


   Skills:
 + Level 2.9 Fighting
 + Level 2.7 Maces & Flails
 + Level 0.3 Throwing
 + Level 3.5 Dodging
 + Level 0.1 Stealth
 + Level 3.3 Shields


You had 4 spell levels left.
You didn't know any spells.

Dungeon Overview and Level Annotations

Branches:
Dungeon (3/15)

Altars:
Ashenzari


Innate Abilities, Weirdness & Mutations

You are too large for most types of armour.
You have claws for hands.
Your metabolism is lightning-fast.
You like to eat raw meat.
You heal very quickly.
You are covered in fur (AC +1).
You have very tough skin (AC +2).


Message History

Something smites you!
You hit the orc.
The orc is heavily wounded.
The orc hits you but does no damage. The orc closely misses you.
You hit the orc.
You kill the orc!
The orc priest invokes the aid of Beogh against you.
Pain shoots through your body! The orc hits you with a mace.
The orc priest calls down the wrath of Beogh upon you.
Pain shoots through your body!
You sock the orc!
You kill the orc!
The orc priest mumbles some strange prayers to Beogh against you.
Something smites you!
* * * LOW HITPOINT WARNING * * *
You are too injured to fight recklessly!
You are too injured to fight recklessly!
The orc priest mumbles some strange prayers to Beogh against you.
Something smites you!
You die...

# . # #. #####.. # #.
....... # .# ##. .......
# ....# ##..#####..o.>..
# ....# #........)......
# #...# #....@...)# #
#.#.# #.........#
######.#.###.##....###
<.........##......######
...........#.##........#
#####.รท..#........####.#
##....>...)......#####
..........)............
.......................


You could see an orc priest.

Vanquished Creatures
  An orc wizard (D:3)
  A worker ant (D:3)
  4 adders
  An ooze (D:2)
  A worm (D:3)
  6 giant geckos
  11 orcs
  4 giant cockroaches
  8 goblins
  10 hobgoblins
  11 bats
  10 jackals
  3 kobolds
  8 rats
79 creatures vanquished.

Notes
Turn   | Place    | Note
--------------------------------------------------------------
     0 | D:1      | kaze the Troll Fighter began the quest for the Orb.
     0 | D:1      | Reached XP level 1. HP: 22/22 MP: 0/0
   153 | D:1      | Reached XP level 2. HP: 22/29 MP: 1/1
   804 | D:1      | Reached XP level 3. HP: 36/36 MP: 2/2
  1111 | D:2      | Reached skill level 3 in Dodging
  1256 | D:2      | Reached XP level 4. HP: 31/44 MP: 3/3
  1625 | D:3      | Reached XP level 5. HP: 48/52 MP: 4/4
  1751 | D:3      | Found a shattered altar of Ashenzari.
  1886 | D:3      | Killed from afar by an orc priest

Action                   |  1- 3 |  4- 6 || total
-------------------------+-------+-------++-------
Melee: Flail             |   128 |    93 ||   221
Throw: Stone             |    48 |       ||    48
  Use: Scroll            |     2 |     6 ||     8
  Eat: Chunk             |    17 |     7 ||    24
